 Dungeon Crawl Stone Soup version 0.27-a0-720-g3f424a255b (webtiles) character file.

Game seed: 17524875272031708024

1027 Ulle the Slasher (level 8, -8/68 HPs)
             Began as a Yellow Draconian Abyssal Knight on Mar 23, 2021.
             Was a Priest of Lugonu.
             Mangled by a two-headed ogre
             ... wielding a +0 giant club
              (25 damage)
             ... on level 5 of the Dungeon.
             The game lasted 00:12:27 (5076 turns).

Ulle the Slasher (Yellow Draconian Abyssal Knight)  Turns: 5076, Time: 00:12:28

Health: -8/68      AC:  8    Str: 21    XL:     8   Next: 3%
Magic:  9/9        EV: 14    Int:  9    God:    Lugonu [***...]
Gold:   110        SH:  0    Dex: 20    Spells: 7/7 levels left

rFire    . . .     SeeInvis .   e - +4 whip of Saif {venom, Str+4 Int-3 Dex+9}
rCold    . . .     Faith    .   (no shield)
rNeg     . . .     Spirit   .   (armour unavailable)
rPois    .         Reflect  .   (helmet restricted)
rElec    .         Harm     .   c - scarf {+Inv}
rCorr    +         Rampage  .   o - +1 pair of gloves
Will     .....                  (no boots)
Stlth    +++.......             j - amulet of regeneration
HPRegen  1.21/turn              (no ring)
MPRegen  0.11/turn              (no ring)

@: marked
A: spit acid, AC +6, unfitting armour, cold-blooded, acid resistance
a: Breathe Acid, Renounce Religion, Evoke Invisibility, Depart the Abyss, Bend
Space, Banish


You were on level 5 of the Dungeon.
You worshipped Lugonu.
Lugonu was most pleased with you.
You visited 1 branch of the dungeon, and saw 6 of its levels.
You visited the Abyss 1 time.

You collected 252 gold pieces.
You spent 142 gold pieces at shops.

Inventory:

Hand Weapons
 a - a +1 falchion
 e - the +4 whip of Saif (weapon) {venom, Str+4 Int-3 Dex+9}
   (You found it on level 5 of the Dungeon)

   It poisons the flesh of those it strikes.
   It affects your strength (+4).
   It affects your intelligence (-3).
   It affects your dexterity (+9).
Missiles
 f - 6 poisoned darts
Armour
 c - a scarf of invisibility (worn)
 o - a +1 pair of gloves (worn)
Jewellery
 j - an amulet of regeneration (around neck)
Wands
 h - a wand of random effects (16)
 l - a wand of flame (17)
 r - a wand of polymorph (8)
Scrolls
 n - 2 scrolls of teleportation
Potions
 b - 2 potions of degeneration {unknown}
 d - 2 potions of curing
 g - a potion of magic {unknown}
 i - 2 potions of haste {unknown}


   Skills:
 + Level 5.2 Fighting
 + Level 5.9 Long Blades
 + Level 2.5 Maces & Flails
 + Level 4.2 Dodging
 + Level 3.1 Stealth
 + Level 2.2 Invocations
 + Level 1.4 Evocations


You had 7 spell levels left.
You didn't know any spells.
Your spell library contained the following spells:

 Spells                   Type           Power      Damage    Failure   Level
 Summon Small Mammal      Summ           0%         N/A       38%         1
 Call Imp                 Summ           0%         N/A       52%         2
 Call Canine Familiar     Summ           0%         N/A       77%         3
 Summon Guardian Golem    Hex/Summ       0%         N/A       77%         3
 Summon Ice Beast         Ice/Summ       0%         N/A       99%         4
 Summon Lightning Spire   Summ/Air       0%         N/A       99%         4


Dungeon Overview and Level Annotations

Branches:
Dungeon (6/15)
 Temple: D:4-7

Altars:
Cheibriados
Dithmenos
Nemelex Xobeh
Zin

Shops:
D:5 :(!![

Annotations:
D:4 3 runed translucent doors, hemabe71's ghost, novice HuAr


Innate Abilities, Weirdness & Mutations

You can spit globs of acid.
Your golden yellow scales are hard. (AC +6)
You cannot fit into any form of body armour.
You are cold-blooded and may be slowed by cold attacks.
You are resistant to acid. (rCorr)


Message History

You kill the orc wizard!
Lugonu accepts your kill.
A bullfrog zombie comes into view.
The orc hits you with a +0 war axe.
You're too confused to move!
You feel sick. The orc barely misses you. x2
You feel sick.
A black bear comes into view.
You feel sick.
You are no longer poisoned.
The black bear growls angrily.
You feel less confused.
There is a stone staircase leading up here.
The two-headed ogre closely misses you.
The two-headed ogre hits you with a +0 giant club!
The black bear closely misses you. x2; The black bear misses you.
You climb upwards.
There is a stone staircase leading down here.
The black bear bites you. The black bear claws you.
The black bear claws you but does no damage.
The black bear closely misses you. The black bear claws you. x2
The black bear sets off the alarm!
The alarm trap emits a blaring wail!
A sentinel's mark forms upon you.
You completely miss the two-headed ogre.
The two-headed ogre completely misses you.
The two-headed ogre hits you with a +0 giant club!
You hit the two-headed ogre.
The two-headed ogre is poisoned.
The two-headed ogre is lightly wounded.
The two-headed ogre completely misses you.
The two-headed ogre closely misses you.
You barely miss the two-headed ogre.
You tail-slap the two-headed ogre, but do no damage.
The two-headed ogre is lightly wounded.
The two-headed ogre hits you with a +0 giant club!!
* * * LOW HITPOINT WARNING * * *
The two-headed ogre hits you with a +0 giant club.
* * * LOW HITPOINT WARNING * * *
The two-headed ogre closely misses you.
The two-headed ogre hits you with a +0 giant club!!
You die...

###...# #.##(.#..###.# ..##..#
#.###....###.##
......###.###.........##
...........###..#####..##########
.##.....................≈≈≈......
.###.....#........###..≈≈≈≈≈.....
## ###.#.###.#.#...[.#...∩≈≈.....
# #.#..##.#.#.###...≈≈≈≈≈.....
#....##.#..@.###...≈≈≈......
##......###O.###............
##.....# #h.......(........
##....## #.###.............
#...### #..#.............. #...#
##.#h##.........). #...#
####.#.##.....>...[[ # #...#
#.......#...(....#.# # #...#
#.......#.(.........


You could see a two-headed ogre (poisoned) and a black bear.

Vanquished Creatures
  Sigmund (D:2)
  3 ogres
  A phantom (D:5)
  A howler monkey (D:4)
  3 orc priests
  A gnoll shaman (D:4)
  2 orc wizards
  3 worker ants
  2 hound zombies (D:5)
  A hound skeleton (D:4)
  A worker ant zombie (D:5)
  5 adders
  4 gnolls (D:5)
  A shadow imp (D:4)
  A white imp (D:5)
  An adder skeleton (D:5)
  4 worms
  A dart slug (D:1)
  14 orcs
  3 ball pythons
  6 bats
  3 giant cockroaches
  4 goblins
  7 hobgoblins
  5 jackals
  13 oozes
  A quokka (D:3)
  5 frilled lizards
  2 jackal skeletons (D:4)
  6 kobolds
  A quokka zombie (D:5)
  2 rats
108 creatures vanquished.

Notes
Turn   | Place    | Note
-------+----------+-------------------------------------------
     0 | Abyss:1  | Ulle the Draconian Abyssal Knight began the quest for the
                  | Orb.
     0 | Abyss:1  | Reached XP level 1. HP: 19/19 MP: 2/2
    10 | Abyss:1  | Found a corrupted altar of Lugonu.
    37 | Abyss:1  | Noticed a flying skull
    44 | Abyss:1  | Noticed a quasit
    49 | D:1      | Escaped the Abyss
   301 | D:1      | Reached * piety under Lugonu
   454 | D:1      | Reached XP level 2. HP: 26/26 MP: 3/3
   967 | D:2      | Reached XP level 3. HP: 32/33 MP: 4/4
  1280 | D:2      | Found a snail-covered altar of Cheibriados.
  1548 | D:3      | Noticed Sigmund
  1567 | D:2      | Killed Sigmund
  1568 | D:2      | Reached skill level 1 in Stealth
  1568 | D:2      | Reached XP level 4. HP: 20/41 MP: 3/5
  1568 | D:2      | Reached XP level 5. HP: 23/47 MP: 3/6
  1784 | D:3      | Found a glowing silver altar of Zin.
  1814 | D:3      | Reached ** piety under Lugonu
  2024 | D:3      | Found a sparkling altar of Nemelex Xobeh.
  2132 | D:3      | Reached XP level 6. HP: 18/53 MP: 7/7
  3477 | D:4      | Found a runed translucent gate.
  3477 | D:4      | Found a runed translucent gate.
  3477 | D:4      | Found a runed translucent gate.
  3478 | D:4      | Noticed hemabe71's ghost (novice HuAr)
  3509 | D:4      | Found a shadowy altar of Dithmenos.
  4033 | D:4      | Reached skill level 5 in Long Blades
  4188 | D:5      | Entered Level 5 of the Dungeon
  4205 | D:4      | Reached skill level 1 in Evocations
  4210 | D:4      | Your scales start taking on a golden yellow colour.
  4210 | D:4      | Reached XP level 7. HP: 60/60 MP: 8/8
  4210 | D:4      | Gained mutation: You are resistant to acid. (rCorr) [Yellow
                  | Draconian growth]
  4251 | D:5      | Identified the +4 whip of Saif {venom, Str+4 Int-3 Dex+9}
  4308 | D:5      | Found Liamuprus's Distillery.
  4316 | D:5      | Reached *** piety under Lugonu
  4320 | D:5      | Reached skill level 5 in Fighting
  4330 | D:5      | Found Gikutwoo's Distillery.
  4419 | D:5      | Identified the +4 cloak of Virtue {rC++ Will- Str+9 Slay-5}
  4436 | D:5      | Reached skill level 1 in Maces & Flails
  4473 | D:5      | Found Hatsama's Antique Armour Boutique.
  4533 | D:5      | Bought a pair of embroidered gloves for 142 gold pieces
  4783 | D:5      | Found Veghoq's Book Boutique.
  4787 | D:5      | Found Tathryosk's Antique Weapon Shop.
  4820 | D:5      | Reached XP level 8. HP: 68/68 MP: 9/9
  5043 | D:6      | Noticed a two-headed ogre
  5076 | D:5      | Mangled by a two-headed ogre

Illustrated notes

Levels and vault maps discovered:
D:1:      tarquinn_simple_flora_water_a, layout_rooms
D:2:      layout_rooms, cheibriados_altar_1
D:3:      layout_rooms, zin_academy, nemelex_altar_shiori,
          hangedman_abyss_or_decor_lesser_grid, uniq_sigmund
D:4:      layout_basic, grunt_dithmenos_shadows, gammafunk_ghost_necromancy
D:5:      layout_rooms, serial_shops, nicolae_shop_waterfront,
          nicolae_shop_statue_plus, nicolae_shop_window_shopping, shop,
          kennysheep_mini
D:6:      minmay_diamond_boxcup, layout_cave_pools, lemuel_round_altar,
          kennysheep_diamond, uniq_eustachio

Skill      XL: |  1  2  3  4  5  6  7 |
---------------+----------------------+-----
Fighting       | 4 5 |  5.2
Long Blades    | 4 5 |  5.9
Dodging        | 3 4 |  4.2
Stealth        | 1 2 3 |  3.1
Evocations     | 1 |  1.4
Maces & Flails | 2 |  2.5
Invocations    | |  2.2

Action                   |  1- 3 |  4- 6 |  7- 9 || total
-------------------------+-------+-------+-------++-------
Melee: Falchion          |   106 |   146 |    11 ||   263
       Tailslap          |    13 |    21 |    29 ||    63
       Whip              |       |       |    92 ||    92
Invok: Depart the Abyss  |     1 |       |       ||     1
 Abil: Evoke Invisibilit |     1 |     1 |       ||     2
  Use: Scroll            |     3 |     2 |     4 ||     9
 Stab: Invisible         |     4 |       |       ||     4
       Sleeping          |       |     3 |     1 ||     4
Armor: Skin              |    42 |    37 |    23 ||   102
Dodge: Dodged            |    78 |    93 |    91 ||   262
       Rpst.: Falchion   |    24 |    31 |       ||    55

Table legend: (Time is in decaauts)
 A = Elapsed time spent in this place.
 B = Non-inter-level travel time spent in this place.
 C = Inter-level travel time spent in this place.
 D = Time resting spent in this place.
 E = Time spent auto-exploring this place.
 F = Levels seen in this place.
 G = Mean time per level.
                   A        B        C        D        E       F      G
               +--------+--------+--------+--------+--------+-----+--------+
         Total |   5122 |   5015 |    107 |   2106 |   1740 |   7 |  731.7 |
       Dungeon |   5073 |   4966 |    107 |   2106 |   1699 |   6 |  845.5 |
         Abyss |     49 |     49 |      0 |      0 |     41 |   1 |   49.0 |
               +--------+--------+--------+--------+--------+-----+--------+

Top non-repeatable levels by time:
     D:4: 1457 daAuts
     D:3: 1090 daAuts
     D:2: 1015 daAuts
     D:5: 806 daAuts
     D:1: 685 daAuts
 Abyss:1: 49 daAuts
     D:6: 18 daAuts
